 Dungeon Sprint DCSS version 0.16-b1 (webtiles) character file.

3300000 Medar the Axe Maniac (level 18, -3/227 HPs)
             Began as a Troll Monk on Mar 9, 2015.
             Was the Champion of Makhleb.
             Slain by a destroyer
             ... wielding a +9 great sword of slicing
              (230 damage)
             ... in the Dungeon (Sprint VIII: "Arena of Blood").
             The game lasted 00:01:42 (33 turns).

Medar the Axe Maniac (Troll Monk)                     Turns: 33, Time: 00:01:42

Health: -3/227     AC:  7    Str: 24    XL:     18   Next: 63%
Magic:  7/7        EV: 29    Int:  6    God:    Makhleb [******]
Gold:   0          SH:  0    Dex: 18    Spells: 0 memorised, 17 levels left

rFire  . . .     SeeInvis .     i - +∞ Axe of Woe
rCold  . . .     Clarity  .     a - +0 robe
rNeg   . . .     SustAb   .     (shield restricted)
rPois  .         Gourm    +     (helmet restricted)
rElec  .         Spirit   .     (no cloak)
rCorr  .         Warding  .     (gloves unavailable)
rMut   .         NoTele   +     (boots unavailable)
MR     +....                    (no amulet)
Stlth  ++........               (no ring)
                                (no ring)

@: somewhat resistant to hostile enchantments, unstealthy
A: unfitting armour, claws 3, fast metabolism 3, gourmand, regeneration 2,
shaggy fur 1, tough skin 2
a: Minor Destruction, Lesser Servant of Makhleb, Major Destruction, Greater
Servant of Makhleb, Renounce Religion


You were in the Dungeon.
You worshipped Makhleb.
Makhleb was exalted by your worship.
You were not hungry.

You visited 1 branch

Inventory:

Hand weapons
 i - the +∞ Axe of Woe (weapon)
   (You found it in the Dungeon)
Armour
 a - a +0 robe (worn)
Scrolls
 h - a scroll of blinking
Potions
 c - a potion of curing {@q1}
 d - a potion of heal wounds
 e - a potion of haste
 f - 2 potions of magic
 g - a potion of berserk rage {!q}
Comestibles
 b - 2 meat rations


   Skills:
 + Level 24.8 Fighting
 O Level 27 Axes
 + Level 24.6 Armour
 + Level 24.8 Dodging
 - Level 1.1 Stealth
 - Level 4.0 Unarmed Combat


You had 17 spell levels left.
You didn't know any spells.

Dungeon Overview and Level Annotations

Branches:
Dungeon (1/1)

Altars:
Makhleb

Annotations:
D The Servant


Innate Abilities, Weirdness & Mutations

You are too large for most types of armour.
You have claws for hands.
Your metabolism is lightning-fast.
You like to eat raw meat.
You heal very quickly.
You are covered in fur (AC +1).
You have very tough skin (AC +2).


Message History

You hear a shout!
A bag of meat comes into view. It is wielding a +9 war axe.
Things that are here:
a +9 battleaxe; a +30 ring of slaying; a meat berserker corpse Harold the Weathered comes into view.
He is wielding a +9 glaive of flaming.
The Servant shouts!
You hear a shout!
You hear a shout!
You hear a shout!
You hear a shout!
The destroyer blinks!
An orc and a vampire knight come into view.
There is a burning altar of Makhleb, spattered with blood here.
The destroyer shouts!
The bag of meat shouts!
You slice the meat berserker!!
You hew the meat berserker savagely.
You kill the meat berserker!
Makhleb accepts your kill.
You hear a shout! x7
The destroyer shouts!
You hear a shout!
You hear a shout!
You hear a shout!
You hear a shout! x2
The destroyer hits you with a +9 great sword of slicing!!!!!
Ouch! That really hurt!
You die...

#.. ...# #.. o..#
.###.. .oo###..
......###..o...
.o...._.oV..
#.))oo# . .
#_)<)_# ...
.....#.))oV#......
.....o@)_@.o.o.V..
.......###........
.###.. V..###..
#.V ...# o #. ..V#
V. ..... . .....
.... .


You could see The Servant, 4 destroyers and 10 bags of meat.

Vanquished Creatures
  7 ogres (D)
  16 orcs (D)
23 creatures vanquished.

Notes
Turn   | Place    | Note
--------------------------------------------------------------
     0 | D        | Medar, the Troll Monk, began the quest for the Orb.
     0 | D        | Reached XP level 1. HP: 22/22 MP: 1/1
     2 | D        | Noticed a bag of meat
     2 | D        | Noticed a bag of meat
     2 | D        | Noticed a bag of meat
     2 | D        | Noticed a bag of meat
     3 | D        | Noticed a bag of meat
     3 | D        | Became a worshipper of Makhleb the Destroyer
     3 | D        | Acquired Makhleb's first power
     3 | D        | Acquired Makhleb's second power
     4 | D        | Noticed a bag of meat
     5 | D        | Noticed a meat berserker
     5 | D        | Killed a bag of meat
     5 | D        | Reached skill level 11 in Fighting
     5 | D        | Reached skill level 14 in Axes
     5 | D        | Reached skill level 10 in Armour
     5 | D        | Reached XP level 2. HP: 27/48 MP: 1/1
     5 | D        | Reached XP level 3. HP: 30/55 MP: 2/2
     5 | D        | Reached XP level 4. HP: 35/65 MP: 2/2
     5 | D        | Reached XP level 5. HP: 38/71 MP: 2/2
     5 | D        | Reached XP level 6. HP: 42/80 MP: 3/3
     5 | D        | Reached XP level 7. HP: 46/88 MP: 3/3
     5 | D        | Reached XP level 8. HP: 50/97 MP: 3/3
     5 | D        | Reached XP level 9. HP: 54/105 MP: 4/4
     5 | D        | Reached XP level 10. HP: 58/113 MP: 4/4
     5 | D        | Reached XP level 11. HP: 61/120 MP: 4/4
     6 | D        | Noticed a bag of meat
     6 | D        | Noticed a bag of meat
     6 | D        | Killed a bag of meat
     6 | D        | Reached skill level 16 in Axes
     6 | D        | Reached XP level 12. HP: 81/133 MP: 5/5
     7 | D        | Noticed a bag of meat
     7 | D        | Killed a meat berserker
     7 | D        | Acquired Makhleb's third power
     7 | D        | Reached skill level 18 in Axes
     7 | D        | Reached XP level 13. HP: 139/145 MP: 5/5
     7 | D        | Killed a bag of meat
     7 | D        | Reached skill level 19 in Axes
     8 | D        | Noticed a meat berserker
     8 | D        | Noticed a meat berserker
     8 | D        | Killed a bag of meat
     8 | D        | Acquired Makhleb's fourth power
     8 | D        | Reached skill level 15 in Fighting
     8 | D        | Reached skill level 20 in Axes
     8 | D        | Reached skill level 15 in Armour
     8 | D        | Reached skill level 15 in Dodging
     8 | D        | Reached XP level 14. HP: 156/159 MP: 5/5
     8 | D        | Killed a bag of meat
     8 | D        | Reached skill level 21 in Axes
     9 | D        | Killed a bag of meat
     9 | D        | Reached XP level 15. HP: 168/171 MP: 6/6
     9 | D        | Killed a meat berserker
     9 | D        | Acquired Makhleb's fifth power
     9 | D        | Reached skill level 22 in Axes
    11 | D        | Noticed a bag of meat
    12 | D        | Noticed a meat berserker
    12 | D        | Killed a bag of meat
    12 | D        | Reached skill level 23 in Axes
    12 | D        | Killed a bag of meat
    12 | D        | Killed a bag of meat
    12 | D        | Reached skill level 24 in Axes
    12 | D        | Reached XP level 16. HP: 185/188 MP: 6/6
    12 | D        | Killed a meat berserker
    12 | D        | Reached skill level 25 in Axes
    13 | D        | Noticed a bag of meat
    14 | D        | Noticed a bag of meat
    14 | D        | Noticed a meat berserker
    16 | D        | Killed a meat berserker
    18 | D        | Noticed a bag of meat
    18 | D        | Noticed a bag of meat
    18 | D        | Noticed a bag of meat
    18 | D        | Killed a bag of meat
    18 | D        | Reached skill level 26 in Axes
    19 | D        | Noticed a bag of meat
    19 | D        | Noticed a bag of meat
    20 | D        | Killed a bag of meat
    20 | D        | Reached XP level 17. HP: 198/202 MP: 6/6
    21 | D        | Killed a bag of meat
    21 | D        | Reached skill level 27 in Axes
    22 | D        | Noticed a bag of meat
    25 | D        | Killed a bag of meat
    25 | D        | Killed a bag of meat
    25 | D        | Killed a bag of meat
    25 | D        | Killed a bag of meat
    25 | D        | Reached XP level 18. HP: 218/222 MP: 7/7
    26 | D        | Noticed a bag of meat
    26 | D        | Noticed a meat berserker
    26 | D        | Noticed a meat berserker
    27 | D        | Noticed a bag of meat
    27 | D        | Noticed a destroyer
    27 | D        | Noticed a destroyer
    27 | D        | Noticed a bag of meat
    27 | D        | Noticed a bag of meat
    27 | D        | Noticed a destroyer
    27 | D        | Noticed a meat berserker
    28 | D        | Noticed a bag of meat
    28 | D        | Noticed a large bag of meat
    28 | D        | Noticed a bag of meat
    28 | D        | Noticed a bag of meat
    28 | D        | Noticed a bag of meat
    29 | D        | Noticed a bag of meat
    29 | D        | Noticed a bag of meat
    29 | D        | Noticed a destroyer
    29 | D        | Killed a meat berserker
    29 | D        | Killed a meat berserker
    30 | D        | Noticed a bag of meat
    30 | D        | Noticed a bag of meat
    30 | D        | Noticed a bag of meat
    31 | D        | Noticed a destroyer
    31 | D        | Noticed a bag of meat
    31 | D        | Noticed The Servant
    32 | D        | Noticed a destroyer
    32 | D        | Noticed a bag of meat
    32 | D        | Killed a meat berserker
    33 | D        | Slain by a destroyer

Action                   |  1- 3 |  4- 6 |  7- 9 | 10-12 | 13-15 | 16-18 || total
-------------------------+-------+-------+-------+-------+-------+-------++-------
Melee: Executioner's axe |     1 |       |       |     2 |     3 |     7 ||    13
